 Dungeon Crawl Stone Soup version 0.16.1-17-g773cdaf (webtiles) character file.

49120 Thalios the Warrior (level 14, 0/98 HPs)
             Began as a Gargoyle Fighter on Apr 22, 2015.
             Was a High Priest of Okawaru.
             Slain by a death yak (18 damage)
             ... on level 7 of the Lair of Beasts on Apr 23, 2015.
             The game lasted 01:14:26 (21409 turns).

Thalios the Warrior (Gargoyle Fighter)             Turns: 21409, Time: 01:14:26

Health: 0/98       AC: 24    Str: 29    XL:     14   Next: 49%
Magic:  21/25      EV: 11    Int: 10    God:    Okawaru [*****.]
Gold:   1349       SH: 14    Dex: 18    Spells: 0 memorised, 13 levels left

rFire  + . .     SeeInvis .     R - +4 flail
rCold  . . .     Clarity  +     W - +0 plate armour
rNeg   + . .     SustAb   .     c - -1 shield "Mapsewubb" {rF+ Dex+6}
rPois  ∞         Gourm    .     (helmet restricted)
rElec  +         Spirit   .     p - +0 cloak
rCorr  .         Warding  .     w - +0 pair of gloves
rMut   .         Stasis   .     (no boots)
MR     +++..                    (no amulet)
Stlth  ..........               U - ring of protection from magic
                                Z - +6 ring of strength

@: heroism, finesse, flying, extremely resistant to hostile enchantments,
extremely unstealthy
A: able to fly continuously, big wings, horns 1, clarity, deformed body, magic
resistance 1, mutation resistance 1, negative energy resistance 1, electricity
resistance, strong 1, unbreathing, petrification resistance, rot immunity, AC +9
a: Stop Flying, Heroism, Finesse, Renounce Religion


You were on level 7 of the Lair of Beasts.
You worshipped Okawaru.
Okawaru was extremely pleased with you.
You were hungry.

You visited 3 branches of the dungeon, and saw 19 of its levels.
You also visited: Ossuary.

You collected 1349 gold pieces.

Inventory:

Hand weapons
 R - a +4 flail (weapon)
 S - a +0 hand crossbow
Missiles
 I - 106 bolts
 V - 8 javelins of penetration (quivered)
Armour
 c - the -1 shield "Mapsewubb" (worn) {rF+ Dex+6}
   (Okawaru gifted it to you on level 2 of the Lair of Beasts)

   It affects your dexterity (+6).
   It protects you from fire.
 p - a +0 cloak (worn)
 s - a +2 helmet of see invisible
 w - a +0 pair of gloves (worn)
 W - a +0 plate armour (worn)
Magical staves
 k - a cursed staff of wizardry {unknown}
Jewellery
 U - a ring of protection from magic (right hand)
 Z - a +6 ring of strength (left hand)
Magical devices
 o - a wand of flame (23)
 r - a wand of heal wounds (1)
 u - a wand of frost (21)
Scrolls
 a - a scroll of magic mapping
 b - 2 scrolls of identify
 g - a scroll of blinking
 h - 5 scrolls of teleportation
 i - 5 scrolls of remove curse
 j - a scroll of vulnerability {unknown}
 q - a scroll of brand weapon {unknown}
 D - a scroll of torment {unknown}
 H - a scroll of holy word {unknown}
 K - a scroll of fear {unknown}
Potions
 d - a potion of brilliance
 e - 3 potions of might
 f - a potion of restore abilities
 l - 6 potions of curing
 m - a potion of lignification {unknown}
 N - 2 potions of heal wounds
 X - 3 potions of agility
Comestibles
 n - 4 fruits


   Skills:
 - Level 15.1(20.1) Fighting
 - Level 13.0(18.0) Maces & Flails
 + Level 7.3(12.3) Crossbows
 - Level 10.2(15.2) Armour
 - Level 10.2(15.2) Shields
 + Level 7.7 Invocations


You had 13 spell levels left.
You didn't know any spells.

Dungeon Overview and Level Annotations

Branches:
Dungeon (11/15)            Temple (1/1) D:7            Lair (7/8) D:9
  Swamp (0/5) Lair:5       Spider (0/5) Lair:5        Slime (0/6) Lair:7
    Orc (0/4) D:11

Altars:
Ashenzari
Cheibriados
Dithmenos
Elyvilon
Fedhas
Gozag
Kikubaaqudgha
Makhleb
Nemelex Xobeh
Okawaru
Qazlal
Ru
Sif Muna
Trog
Vehumet
Xom
Yredelemnul
Zin
The Shining One
Beogh
Jiyva

Shops:
D:5 *

Portals:
Trove: D:11 (give +5 demon blade)


Innate Abilities, Weirdness & Mutations

You are resistant to torment.
You are immune to poison.
You can fly continuously.
Your stone body is very resilient (AC +9).
Your wings are large and strong.
You resist negative energy.
You are resistant to electric shocks.
You can survive without breathing.
You are immune to petrification.
You are immune to rotting.
You have a pair of small horns on your head.
You possess an exceptional clarity of mind.
Armour fits poorly on your strangely shaped body.
You are resistant to hostile enchantments.
You are somewhat resistant to further mutation.
Your muscles are strong. (Str +2)


Message History

The death yak is moderately wounded.
The death yak closely misses you.
You thump the death yak!
You headbutt the death yak, but do no damage.
The death yak is heavily wounded.
You hit the death yak.
The death yak is heavily wounded.
The death yak gores you but does no damage.
You hit the death yak.
The death yak is heavily wounded.
The death yak gores you!
* * * LOW HITPOINT WARNING * * *
Your plate armour prevents you from hitting the death yak.
You headbutt the death yak, but do no damage.
The death yak is heavily wounded.
You bludgeon the death yak!!
You headbutt the death yak, but do no damage.
The death yak is almost dead.
The death yak gores you!!
You die...

.........#.P.##.......## ##......
...........##........#.# #......
........+..# ##.......## ###....
........#.## ###..#.P# ##.#.
........##.# #..#P.## #.##.
....P.....#. #....P.# ###.#
........P### #.#....## ##.
..........### #####....# #####.
............# ##@#...#..# #.#P..
...........# #Y#Y......####.....
...........# ##Y...#P....##..+...
...........###....#.....P....#...
........#...†.'.........P...##...
..........#.................#....
........P######.P..........###...
##.......# ..........P..###...
##.#...## ...P.....P#.###..>.


You could see 3 death yaks.

Vanquished Creatures
  The ghost of Rester5115 the Cleaver, a powerful HOFi of Gozag (D:10)
  Fannar (Lair:2)
  Harold (Lair:3)
  4 hydras
  Erica (Lair:2)
  13 death yaks
  Nergalle (Lair:2)
  An orb spider (Lair:5)
  2 griffons
  11 elephants
  A gargoyle (D:10)
  8 spiny frogs
  4 black mambas
  3 komodo dragons
  4 fire drakes
  A polar bear (Lair:5)
  2 trolls (D:10)
  A boulder beetle (Lair:4)
  2 two-headed ogres
  8 blink frogs
  18 yaks
  3 basilisks
  2 wyverns
  A trapdoor spider (D:11)
  A spriggan (Lair:5)
  11 hippogriffs
  9 wolves (Lair:5)
  A steam dragon (Lair:6)
  The ghost of raikaria the Changer, an average MfTm (Ossuary)
  6 swamp worms (Lair:5)
  20 water moccasins
  10 orc warriors
  9 ice beasts
  A black bear (Lair:5)
  4 ogres
  14 porcupines
  A sky beast (D:5)
  2 phantoms
  24 crocodiles
  8 centaurs
  4 elf zombies (Ossuary)
  28 giant frogs
  A wyvern zombie (D:11)
  A wyvern skeleton (D:11)
  A big kobold (D:9)
  4 scorpions
  An electric eel (Lair:5)
  16 killer bees
  2 crimson imps
  6 centaur zombies
  3 jellies
  6 giant frog skeletons
  5 orc priests
  3 centaur skeletons
  10 hounds
  Crazy Yiuf (D:3)
  4 human zombies (Ossuary)
  10 orc wizards
  11 iguanas
  A spectral orc (Lair:2)
  A hell rat (Lair:4)
  27 sheep
  9 worker ants
  Ijyb (D:3)
  3 hound zombies
  4 mummies
  2 worker ant zombies
  22 adders
  3 shadow imps
  53 river rats
  4 worms
  An adder zombie (D:8)
  An adder skeleton (D:4)
  5 giant geckos
  70 orcs
  11 bats
  A bat skeleton (D:5)
  A bat zombie (D:5)
  2 giant cockroaches
  17 goblins
  8 hobgoblins
  22 jackals
  18 kobolds
  12 quokkas
  7 giant newts
  2 jackal skeletons
  A jackal zombie (D:5)
  14 rats
  4 ballistomycetes (D:7)
  A fungus (Lair:6)
661 creatures vanquished.

Vanquished Creatures (others)
  An orc (D:7)
  A giant spore (D:7)
  A spectral orc (Lair:2)
  2 fungi
5 creatures vanquished.

Grand Total: 666 creatures vanquished

Notes
Turn   | Place    | Note
--------------------------------------------------------------
     0 | D:1      | Thalios, the Gargoyle Fighter, began the quest for the Orb.
     0 | D:1      | Reached XP level 1. HP: 14/14 MP: 1/1
   162 | D:1      | Reached XP level 2. HP: 20/20 MP: 2/2
   201 | D:1      | Reached skill level 4 in Fighting
   689 | D:2      | Reached XP level 3. HP: 20/24 MP: 3/3
   837 | D:2      | Reached skill level 5 in Fighting
   957 | D:2      | Reached XP level 4. HP: 27/31 MP: 4/4
  1450 | D:3      | Found a roughly hewn altar of Beogh.
  1464 | D:3      | Reached skill level 6 in Fighting
  1464 | D:3      | Reached XP level 5. HP: 34/36 MP: 5/5
  1920 | D:3      | Noticed Crazy Yiuf
  1925 | D:3      | Killed Crazy Yiuf
  2020 | D:3      | Reached skill level 7 in Fighting
  2077 | D:3      | Noticed Ijyb
  2100 | D:3      | Killed Ijyb
  2100 | D:3      | Reached XP level 6. HP: 42/44 MP: 6/6
  2535 | D:4      | Reached skill level 8 in Fighting
  2601 | D:4      | Reached XP level 7. HP: 50/50 MP: 7/7
  2735 | D:4      | Found a sparkling altar of Nemelex Xobeh.
  2852 | D:4      | Reached skill level 9 in Fighting
  3050 | D:5      | Entered Level 5 of the Dungeon
  3199 | D:5      | Found Gozag's Platinum Reserve.
  3252 | D:5      | Reached skill level 10 in Fighting
  3497 | D:5      | Reached XP level 8. HP: 57/57 MP: 8/8
  3748 | D:5      | Found an opulent altar of Gozag.
  3887 | D:5      | Found a burning altar of Makhleb.
  4143 | D:6      | Reached skill level 11 in Fighting
  4158 | D:6      | Found a radiant altar of Vehumet.
  4550 | D:6      | Reached skill level 12 in Fighting
  4670 | D:6      | Reached XP level 9. HP: 63/65 MP: 9/9
  5108 | D:7      | Reached skill level 5 in Maces & Flails
  5176 | D:7      | Found a sand-covered staircase.
  5182 | Ossuary  | Entered an ossuary
  5182 | Ossuary  | Noticed raikaria's ghost (average MfTm)
  5216 | Ossuary  | Killed raikaria's ghost
  5483 | Ossuary  | Reached XP level 10. HP: 42/72 MP: 10/10
  5835 | D:7      | Found a staircase to the Ecumenical Temple.
  5846 | Temple   | Entered the Ecumenical Temple
  5975 | Temple   | Became a worshipper of Warmaster Okawaru
  7130 | D:8      | Acquired Okawaru's first power
  7589 | D:9      | Reached skill level 10 in Maces & Flails
  7858 | D:9      | Found a shadowy altar of Dithmenos.
  8066 | D:9      | Found a staircase to the Lair.
  8347 | D:10     | Entered Level 10 of the Dungeon
  8401 | D:10     | Reached XP level 11. HP: 55/76 MP: 11/11
  8436 | D:10     | Noticed Rester5115's ghost (powerful HOFi)
  8808 | D:10     | HP: 2/76 [orc warrior/glaive (13)]
  9469 | D:10     | Killed Rester5115's ghost
 10090 | D:10     | Reached skill level 13 in Maces & Flails
 10468 | D:11     | Received a gift from Okawaru
 10503 | D:11     | Found a portal to a secret trove of treasure.
 10691 | D:11     | Found a staircase to the Orcish Mines.
 10760 | D:11     | Identified a scroll of acquirement
 11189 | Lair:1   | Entered Level 1 of the Lair of Beasts
 11204 | Lair:1   | Reached skill level 5 in Shields
 11290 | Lair:1   | Reached skill level 5 in Armour
 11950 | Lair:1   | Noticed a five-headed hydra
 11952 | Lair:1   | Noticed a six-headed hydra
 12011 | Lair:1   | Killed a six-headed hydra
 12011 | Lair:1   | Received a gift from Okawaru
 12011 | Lair:1   | Reached XP level 12. HP: 37/84 MP: 9/12
 12017 | Lair:1   | Killed a five-headed hydra
 12017 | Lair:1   | Acquired Okawaru's second power
 12915 | Lair:2   | Noticed Erica
 12957 | Lair:2   | Killed Erica
 13191 | Lair:2   | Noticed an eight-headed hydra
 13201 | Lair:2   | Killed an eight-headed hydra
 13222 | Lair:2   | Noticed Nergalle
 13223 | Lair:2   | Noticed a spectral orc warlord
 13252 | Lair:2   | Killed Nergalle
 13394 | Lair:2   | Noticed Fannar
 13414 | Lair:2   | Received a gift from Okawaru
 13509 | Lair:2   | Killed Fannar
 13509 | Lair:2   | Received a gift from Okawaru
 13509 | Lair:2   | Reached skill level 14 in Fighting
 13744 | Lair:2   | Received a gift from Okawaru
 13756 | Lair:2   | Got a crude shield {god gift}
 13762 | Lair:2   | Identified the -1 shield "Mapsewubb" {rF+ Dex+6} (Okawaru gifted it to you on level 2 of the Lair of Beasts)
 14107 | Lair:3   | Reached XP level 13. HP: 91/91 MP: 13/13
 14159 | Lair:3   | Noticed a death yak
 14162 | Lair:3   | Noticed a death yak
 14165 | Lair:3   | Noticed a death yak
 14166 | Lair:3   | Noticed a death yak
 14168 | Lair:3   | Noticed a death yak
 14169 | Lair:3   | Noticed a death yak
 14199 | Lair:2   | Killed a death yak
 14690 | Lair:3   | Killed a death yak
 14691 | Lair:3   | Killed a death yak
 14705 | Lair:3   | Killed a death yak
 14711 | Lair:3   | Killed a death yak
 14720 | Lair:3   | Killed a death yak
 15559 | Lair:3   | Noticed Harold
 15574 | Lair:3   | Killed Harold
 16460 | Lair:4   | Reached skill level 10 in Shields
 16493 | Lair:4   | Reached skill level 15 in Fighting
 16614 | Lair:4   | Reached skill level 10 in Armour
 16688 | Lair:4   | Received a gift from Okawaru
 17603 | Lair:5   | Reached skill level 1 in Crossbows
 17661 | Lair:5   | Reached skill level 1 in Invocations
 18576 | Lair:5   | Found a hole to the Spider Nest.
 18968 | Lair:5   | Gained mutation: Your wings are large and strong. [gargoyle growth]
 18968 | Lair:5   | Reached XP level 14. HP: 98/98 MP: 22/22
 19005 | Lair:5   | Found a staircase to the Swamp.
 19295 | Lair:6   | Reached skill level 5 in Invocations
 19390 | Lair:6   | Reached skill level 5 in Crossbows
 19584 | Lair:6   | Received a gift from Okawaru
 20402 | Lair:2   | Gained mutation: You possess an exceptional clarity of mind. [potion of mutation]
 20402 | Lair:2   | Gained mutation: You are resistant to hostile enchantments. [potion of mutation]
 20402 | Lair:2   | Gained mutation: Your muscles are strong. (Str +2) [potion of mutation]
 20403 | Lair:2   | Gained mutation: Armour fits poorly on your strangely shaped body. [potion of mutation]
 20403 | Lair:2   | Gained mutation: You have a pair of small horns on your head. [potion of mutation]
 20403 | Lair:2   | Gained mutation: You are somewhat resistant to further mutation. [potion of mutation]
 21118 | Lair:7   | Found a viscous altar of Jiyva.
 21118 | Lair:7   | Found a staircase to the Slime Pits.
 21409 | Lair:7   | Slain by a death yak

Action                   |  1- 3 |  4- 6 |  7- 9 | 10-12 | 13-15 || total
-------------------------+-------+-------+-------+-------+-------++-------
Melee: Flail             |    89 |   191 |   445 |  1191 |  1070 ||  2986
Throw: Javelin           |       |       |     2 |     8 |       ||    10
Invok: Heroism           |       |       |       |     5 |     3 ||     8
       Finesse           |       |       |       |       |     2 ||     2
 Abil: Fly               |       |       |       |       |     1 ||     1
Evoke: Wand              |       |       |       |     6 |       ||     6
  Use: Scroll            |       |       |     1 |    18 |     5 ||    24
       Potion            |       |       |     1 |     3 |     4 ||     8
  Eat: Chunk             |       |     6 |    10 |    25 |    23 ||    64
       Pizza             |       |       |       |     2 |     1 ||     3
       Fruit             |       |       |       |     2 |       ||     2
